 Dungeon Crawl Stone Soup version 0.30-a0-626-gd6a5dd7a1f (webtiles) character file.

Game seed: 3691730333082856140

22562 Pooter the Severer (level 12, -2/165 HPs)
             Began as a Minotaur Berserker on Jan 11, 2023.
             Was an Elder of Trog.
             Succumbed to Amaemon's poison
             ... on level 3 of the Lair of Beasts on Jan 12, 2023.
             The game lasted 01:12:27 (14769 turns).

Pooter the Severer (Minotaur Berserker)            Turns: 14769, Time: 01:12:27

Health: -2/165     AC: 10    Str: 29    XL:     12   Next: 64%
Magic:  9/9        EV: 14    Int:  5    God:    Trog [****..]
Gold:   586        SH:  5    Dex: 11    Spells: 11/11 levels left

rFire   + . .      SeeInvis .    a - +6 battleaxe of Xusaolutz {flame, Fly rPois rN+ Int+2}
rCold   . . .      Faith    .    (shield currently unavailable)
rNeg    + . .      Spirit   .    v - +2 chain mail
rPois   +          Reflect  +    g - +0 hat {Will+}
rElec   +          Harm     .    (no cloak)
rCorr   +          Rampage  .    o - +1 pair of gloves
Will    +....      NoTele   +    A - +0 pair of boots Stlth
                                 H - amulet "Allorghe" {Reflect -Tele rElec rCorr SH+5}
HPRegen 0.47/turn                c - +5 ring of evasion
MPRegen 0.11/turn                C - ring of resist corrosion

@: berserking, lethally poisoned (-2 -> -42), flying, slowed
A: horns 2, retaliatory headbutt, deformed body, fire resistance 1, low MP 1,
strong 1
a: Renounce Religion, Berserk, Trog's Hand, Brothers in Arms


You were on level 3 of the Lair of Beasts.
You worshipped Trog.
Trog was greatly pleased with you.
You visited 2 branches of the dungeon, and saw 13 of its levels.
You also visited: Sewer.

You collected 949 gold pieces.
You spent 363 gold pieces at shops.

Inventory:

Hand Weapons
 a - the +6 battleaxe of Xusaolutz (weapon) {flame, Fly rPois rN+ Int+2}
   (You acquired it on level 9 of the Dungeon)

   Int:       It affects your intelligence (+2).
   rPois:     It protects you from poison.
   rN:        It protects you from negative energy.
   Fly:       It grants you flight.
 b - a +0 arbalest
   (You found it on level 3 of the Dungeon)
 d - a +0 dire flail
   (You took it off a wight on level 8 of the Dungeon)
 q - a +0 antimagic war axe
   (You took it off a wight on level 9 of the Dungeon)
 w - a +3 battleaxe of freezing
   (You took it off a wight on level 9 of the Dungeon)
 z - a +0 trident
   (You took it off an orc on level 5 of the Dungeon)
 J - a +4 war axe
   (You took it off a wight on level 9 of the Dungeon)
Missiles
 y - 6 javelins (quivered)
 E - 5 atropa-tipped darts
 G - 12 poisoned darts
 Q - 141 stones
Armour
 g - a +0 hat of willpower (worn)
   (You took it off Gastronok on level 2 of the Lair of Beasts)
 o - a +1 pair of gloves (worn)
   (You found it on level 2 of the Dungeon)
 v - a +2 chain mail (worn)
   (You found it on level 4 of the Dungeon)
 A - a +0 pair of boots (worn)
   (You found it in a sewer)
Jewellery
 c - a +5 ring of evasion (left hand)
   (You found it on level 1 of the Dungeon)
 C - a ring of resist corrosion (right hand)
   (You found it on level 8 of the Dungeon)
 F - a ring of protection from fire
   (You found it on level 3 of the Lair of Beasts)
 H - the amulet "Allorghe" (around neck) {Reflect -Tele rElec rCorr SH+5}
   (You found it on level 10 of the Dungeon)

   [amulet of reflection]

   It reflects blocked missile attacks.
   rElec:     It insulates you from electricity.
   -Tele:     It prevents most forms of teleportation.
   rCorr:     It protects you from acid and corrosion.
   SH:        It affects your SH (+5).
 M - an amulet of reflection
   (You found it on level 1 of the Lair of Beasts)
Wands
 u - a wand of paralysis (8)
   (You found it on level 7 of the Dungeon)
 x - a wand of polymorph (2)
   (You found it on level 4 of the Dungeon)
 B - a wand of roots (3)
   (You found it on level 2 of the Lair of Beasts)
 K - a wand of quicksilver (3)
   (You found it on level 10 of the Dungeon)
Scrolls
 i - a scroll of blinking {unknown}
 k - a scroll of immolation {!r}
 p - 2 scrolls of torment {!r}
 r - a scroll of noise {!r}
 t - 5 scrolls of teleportation {@r4}
 L - a scroll of poison {!r}
 N - a scroll of brand weapon {unknown}
Potions
 e - a potion of attraction {unknown}
 f - 3 potions of flight
 h - 6 potions of might
 j - 6 potions of curing {@q1}
 l - 4 potions of heal wounds {@q2}
 m - 2 potions of degeneration {!q}
 n - 3 potions of mutation {!q}
 s - 2 potions of invisibility
 D - 4 potions of lignification {!q}
 O - a potion of haste {@q3}
Miscellaneous
 I - a phantom mirror
   (You found it on level 10 of the Dungeon)


   Skills:
 + Level 11.5 Fighting
 * Level 15.6 Axes
 * Level 13.5 Ranged Weapons
 + Level 4.0 Armour
 - Level 2.1 Dodging
 + Level 6.2 Evocations


You had 11 spell levels left.
You didn't know any spells.
Your spell library was empty.

Dungeon Overview and Level Annotations

Branches:
Dungeon (10/15)            Temple (0/1) D:7            Lair (3/5) D:10
  Swamp (0/4) Lair:2       Spider (0/4) Lair:2        Sewer (visited)
    Orc: D:9-12

Altars:
Cheibriados
Elyvilon
Fedhas
Gozag
Hepliaklqana
Kikubaaqudgha
Makhleb
Okawaru
Qazlal
Uskayaw
Vehumet
Wu Jian
Xom
Zin

Shops:
D:3 !   D:4 (   D:8 :

Annotations:
Lair:3 Amaemon


Innate Abilities, Weirdness & Mutations

You have a pair of horns on your head.
You reflexively headbutt those who attack you in melee.
Armour fits poorly on your strangely shaped body.
Your flesh is heat resistant. (rF+)
Your magical capacity is low. (-10% MP)
Your muscles are strong. (Str +4, Int/Dex -1)


Message History

You slash Amaemon! You burn Amaemon. You slash the cane toad!
You burn the cane toad. You slice the orange demon!! You burn the orange demon.
You kill the orange demon!
Trog accepts your kill. The cane toad stings you!
You are poisoned.
The cane toad poisons you!
Amaemon zaps a wand.
You easily resist.
You closely miss Amaemon. Your headbutt misses Amaemon. You hit the cane toad.
You burn the cane toad.
You feel very sick. The cane toad closely misses you. You furiously retaliate!
You headbutt the cane toad, but do no damage.
Amaemon points at the cane toad and mumbles some strange words.
The cane toad seems to grow toxic.
You hit Amaemon but do no damage. Your headbutt misses Amaemon.
You barely miss the cane toad.
You feel very sick. The cane toad stings you!
Amaemon hits you with a +1 demon whip of venom!
* * * LOW HITPOINT WARNING * * *
You are more poisoned.
Amaemon claws you but does no damage. Amaemon barely misses you.
The cane toad stings you!
* * * LOW HITPOINT WARNING * * *
A red film seems to cover your vision as you go berserk!
You feel yourself moving faster!
You feel mighty!
You feel extremely sick.
Amaemon hits you with a +1 demon whip of venom!
* * * LOW HITPOINT WARNING * * *
You are more poisoned.
Amaemon claws you.
* * * LOW HITPOINT WARNING * * *
Amaemon tail-slaps you but does no damage.
The cane toad stings you.
* * * LOW HITPOINT WARNING * * *
You have difficulty breathing.
* * * LOW HITPOINT WARNING * * *
You feel yourself slow down.
You closely miss Amaemon. You slash the cane toad! You burn the cane toad.
You kill the cane toad!
Trog accepts your kill.
* * * LOW HITPOINT WARNING * * *
You feel extremely sick.
Amaemon zaps a wand.
You easily resist.
Your Armour skill increases to level 4!
You slash Amaemon! You burn Amaemon!
You die...

#................#
.................##
..................#
.................##
..................#
.................##
##......##...#.#.#
#...... ##.###..#
.. #@# #..#
#.6†###.# .....#
#.# ..###..# ..#
... #### .)# .. .


You could see Amaemon (empowered).

Vanquished Creatures
  Gastronok (Lair:2)
  Josephine (Lair:3)
  2 hydras
  Erica (D:10)
  A boulder beetle (Lair:1)
  A catoblepas (Lair:2)
  An obsidian statue (D:10)
  A deep elf pyromancer (D:10)
  3 black mambas
  A gargoyle (D:10)
  An orange demon (Lair:3)
  A rime drake (shapeshifter) (D:6)
  3 komodo dragons
  5 cane toads
  6 kobold demonologists
  A rime drake (Lair:1)
  A troll (D:10)
  Grinder (D:3)
  18 yaks
  2 culicivoras (Lair:2)
  4 wyverns
  3 wraiths (Lair:3)
  3 basilisks
  4 steam dragons
  A warg (D:7)
  2 acid dragons
  7 water moccasins
  3 orc warriors
  2 sky beasts
  An ice beast (D:6)
  3 black bears
  5 wolves (Lair:1)
  5 centaurs (D:9)
  A phantom (D:5)
  A kobold brigand (D:9)
  9 bullfrogs
  A gnoll sergeant (D:9)
  3 scorpions (D:5)
  14 wights
  2 electric eels (D:10)
  7 howler monkeys
  5 hounds
  5 orc priests
  2 gnoll boudas
  3 jellies (Sewer)
  5 iguanas
  10 orc wizards
  3 river rats
  7 adders
  11 gnolls
  2 white imps
  3 worms
  5 dart slugs
  36 orcs
  8 ball pythons
  6 bats
  18 endoplasms
  12 giant cockroaches
  6 goblins
  5 hobgoblins
  10 jackals
  15 kobolds
  4 quokkas
  8 frilled lizards
  7 rats
329 creatures vanquished.

Vanquished Creatures (others)
  An orc wizard (D:3)
  14 fungi
  43 plants
58 creatures vanquished.

Grand Total: 387 creatures vanquished

Notes
Turn   | Place    | Note
-------+----------+-------------------------------------------
     0 | D:1      | Pooter the Minotaur Berserker began the quest for the Orb.
     0 | D:1      | Reached XP level 1. HP: 19/19 MP: 0/0
   106 | D:1      | Reached skill level 4 in Axes
   158 | D:1      | Reached XP level 2. HP: 27/27 MP: 1/1
   390 | D:1      | Reached XP level 3. HP: 33/33 MP: 2/2
   405 | D:1      | Reached ** piety under Trog
   442 | D:1      | Found a faded altar of an unknown god.
   797 | D:2      | Reached skill level 5 in Axes
  1327 | D:3      | Reached skill level 1 in Ranged Weapons
  1327 | D:3      | Reached XP level 4. HP: 39/41 MP: 3/3
  1357 | D:3      | Noticed Grinder
  1385 | D:3      | Paralysed by Grinder for 2 turns
  1391 | D:3      | Paralysed by Grinder for 5 turns
  1463 | D:3      | Killed Grinder
  1464 | D:3      | Reached skill level 5 in Fighting
  1464 | D:3      | Reached skill level 6 in Axes
  1464 | D:3      | Reached XP level 5. HP: 48/48 MP: 4/4
  1464 | D:3      | Reached XP level 6. HP: 56/56 MP: 5/5
  1671 | D:3      | Found a burning altar of Makhleb.
  2039 | D:3      | Reached skill level 7 in Axes
  2247 | D:3      | Found Bifreb's Distillery.
  2255 | D:3      | Bought a potion of heal wounds for 55 gold pieces
  2255 | D:3      | Bought a potion of curing for 33 gold pieces
  2560 | D:3      | Bought a potion of might for 44 gold pieces
  3066 | D:4      | Reached XP level 7. HP: 62/62 MP: 6/6
  3379 | D:4      | Found an opulent altar of Gozag.
  3509 | D:3      | Bought a potion of flight for 33 gold pieces
  3837 | D:4      | Found Xuocw's Weapon Shoppe.
  4067 | D:5      | Entered Level 5 of the Dungeon
  4256 | D:5      | Reached *** piety under Trog
  4257 | D:5      | Reached skill level 8 in Axes
  4415 | D:5      | Reached skill level 5 in Ranged Weapons
  4554 | D:5      | Reached XP level 8. HP: 71/71 MP: 7/7
  4599 | D:5      | Found an iron altar of Okawaru.
  4600 | D:5      | Found a stormy altar of Qazlal.
  4658 | D:5      | Found a radiant altar of Vehumet.
  4836 | D:5      | Reached skill level 9 in Axes
  5146 | D:6      | a centaur changed into a shapeshifter
  5146 | D:6      | Noticed a shapeshifter
  5147 | D:6      | a shapeshifter changed into a rime drake
  5147 | D:6      | Noticed a rime drake (shapeshifter)
  5155 | D:6      | Killed a rime drake
  5189 | D:6      | Reached skill level 10 in Axes
  5198 | D:6      | Found a glowing drain.
  5208 | Sewer    | Entered a sewer
  6535 | Sewer    | Reached XP level 9. HP: 70/79 MP: 8/8
  6613 | Sewer    | Found a viscous altar of Jiyva.
  6718 | D:6      | Found a white marble altar of Elyvilon.
  6764 | D:6      | You fall into a shaft and drop 1 floor!
  6920 | D:3      | Bought a potion of invisibility for 88 gold pieces
  7042 | D:6      | Found a hide-covered altar of Uskayaw.
  7173 | D:3      | Bought a potion of haste for 110 gold pieces
  7275 | D:6      | Gained mutation: You are occasionally teleported next to
                  | monsters. [potion of mutation]
  7276 | D:6      | Lost mutation: You are occasionally teleported next to
                  | monsters. [potion of mutation]
  7276 | D:6      | Gained mutation: Your magical capacity is low. (-10% MP)
                  | [potion of mutation]
  7276 | D:6      | Gained mutation: Your flesh is heat resistant. (rF+)
                  | [potion of mutation]
  7276 | D:6      | Gained mutation: Armour fits poorly on your strangely
                  | shaped body. [potion of mutation]
  7276 | D:6      | Gained mutation: Your muscles are strong. (Str +4, Int/Dex
                  | -1) [potion of mutation]
  7672 | D:7      | Found a staircase to the Ecumenical Temple.
  7673 | D:7      | Noticed Joseph
  7675 | D:7      | Joseph changed into Joseph the warg
  7675 | D:7      | Noticed Joseph
  7681 | D:7      | Killed Joseph the warg
  7972 | D:7      | Reached skill level 11 in Axes
  8527 | D:8      | Found an ancient bone altar of Kikubaaqudgha.
  8533 | D:8      | Reached skill level 1 in Evocations
  9141 | D:8      | Found a snail-covered altar of Cheibriados.
  9154 | D:8      | Found Qosi's Book Emporium.
  9389 | D:8      | Reached XP level 10. HP: 85/90 MP: 8/8
  9638 | D:8      | Found a hazy altar of Hepliaklqana.
  9881 | D:9      | Noticed a sun demon
  9882 | D:9      | Reached skill level 12 in Axes
 10193 | D:9      | Reached skill level 10 in Ranged Weapons
 10270 | D:9      | Identified a scroll of acquirement
 10270 | D:9      | Acquired the +6 battleaxe of Xusaolutz {flame, Fly rPois
                  | rN+ Int+2}
 10285 | D:9      | Reached **** piety under Trog
 10401 | D:9      | Found a glowing silver altar of Zin.
 10648 | D:10     | Entered Level 10 of the Dungeon
 10648 | D:10     | Noticed Erica
 10648 | D:10     | Noticed a gargoyle
 10989 | D:10     | Reached skill level 13 in Axes
 10997 | D:10     | Found a staircase to the Lair.
 11023 | D:10     | Found a blossoming altar of Fedhas.
 11103 | D:10     | Killed a gargoyle
 11127 | D:10     | Reached XP level 11. HP: 74/99 MP: 8/8
 11187 | D:10     | Killed Erica
 11188 | D:10     | Noticed an obsidian statue
 11201 | D:10     | Noticed a sixfirhy
 11201 | D:10     | Killed an obsidian statue
 11296 | D:10     | Identified the amulet "Allorghe" {Reflect -Tele rElec rCorr
                  | SH+5}
 11341 | D:10     | Noticed a deep elf pyromancer
 11360 | D:10     | Killed a deep elf pyromancer
 11361 | D:10     | Reached skill level 10 in Fighting
 11586 | D:10     | Found a shimmering altar of Xom.
 11587 | D:10     | Found a shimmering altar of Xom.
 11595 | D:10     | Found a shimmering altar of Xom.
 11605 | D:10     | Found a shimmering altar of Xom.
 11605 | D:10     | Found a shimmering altar of Xom.
 11878 | Lair:1   | Entered Level 1 of the Lair of Beasts
 11965 | Lair:1   | Reached skill level 14 in Axes
 12232 | Lair:1   | Reached skill level 5 in Evocations
 12340 | Lair:1   | Reached ***** piety under Trog
 12505 | Lair:1   | Noticed a boulder beetle
 12508 | Lair:1   | Found an ornate altar of the Wu Jian Council.
 12519 | Lair:1   | Killed a boulder beetle
 12634 | Lair:1   | Found a hide-covered altar of Uskayaw.
 12929 | Lair:2   | Noticed a catoblepas
 12943 | Lair:2   | Killed a catoblepas
 12944 | Lair:2   | Reached XP level 12. HP: 73/108 MP: 9/9
 13242 | Lair:2   | Noticed a five-headed hydra
 13247 | Lair:2   | Killed a three-headed hydra
 13317 | Lair:2   | Found a staircase to the Swamp.
 13487 | Lair:2   | Found a hole to the Spider Nest.
 13545 | Lair:2   | Reached skill level 15 in Axes
 14001 | Lair:2   | Noticed Gastronok
 14010 | Lair:2   | Killed Gastronok
 14237 | Lair:3   | Noticed Josephine
 14240 | Lair:3   | Killed Josephine
 14453 | Lair:3   | Noticed an eight-headed hydra
 14462 | Lair:3   | Killed a six-headed hydra
 14758 | Lair:3   | Noticed Amaemon
 14768 | Lair:3   | HP: 7/165 [poisoned by Amaemon]
 14769 | Lair:3   | Succumbed to Amaemon's poison

Illustrated notes

Levels and vault maps discovered:
D:1:      dpeg_arrival_shelter, layout_rooms,
          hellmonk_ecumenical_altar_defaced_shrine
D:2:      layout_loops_ring
D:3:      layout_basic, lightli_temple_of_fire, serial_shops, shop,
          minmay_misc_feat_chi, uniq_grinder
D:4:      layout_basic, nicolae_gozag_cash_rules_everything_around_me,
          serial_shops, kennysheep_mini
D:5:      kennysheep_steamy, layout_basic, lemuel_tele_altar,
          gammafunk_temple_overflow_wave
D:6:      layout_cave_pools, amcnicky_altar_gilded, lemuel_round_altar,
          lightli_sewer_entry_pipes
D:7:      layout_basic, minmay_temple_entry_waves, minmay_stone_trees_medium,
          uniq_joseph
D:8:      layout_loops_ring, nzn_hepliaklqana_mist_gate, kennysheep_little_box,
          old_standard_altar, serial_shops, shop
D:9:      layout_rooms, zin_statuary, dk_noncrumbling_4
D:10:     nicolae_cairo_tiling, layout_gridville, xom_redecorated,
          fedhas_ov_isle_minmay, dpeg_oklobed_lair, serial_bayou_pond_c,
          minmay_statue_bubble, uniq_erica
Lair:1:   layout_hall_layers, serial_forest, infiniplex_forest_3_way,
          infiniplex_forest_clump_long, infiniplex_forest_clump_diagonal,
          infiniplex_forest_lined_2, infiniplex_forest_corner_1,
          infiniplex_forest_side_room, infiniplex_forest_straight_1,
          nzn_masters_of_martial_movement
Lair:2:   layout_long_grid, swamp_mist, hellmonk_spider_entry_life_and_decay,
          uniq_gastronok
Lair:3:   layout_regular_city, uniq_amaemon, uniq_josephine

Skill      XL: |  1  2  3  4  5  6  7  8  9 10 11 12 |
---------------+-------------------------------------+-----
Axes           | 4 5 6 7 8 10 11 13 14 15 | 15.6
Fighting       | 4 5 6 7 8 9 10 11 | 11.5
Ranged Weapons | 1 2 3 5 7 9 10 12 13 | 13.5
Evocations     | 2 3 5 6 |  6.2
Armour         | 4 |  4.0
Dodging        | |  2.1

Action                   |  1- 3 |  4- 6 |  7- 9 | 10-12 || total
-------------------------+-------+-------+-------+-------++-------
Melee: Hand axe          |    53 |    75 |    14 |       ||   142
       Headbutt          |     8 |     5 |    22 |    49 ||    84
       Punch             |     2 |     1 |     2 |       ||     5
       Morningstar       |       |       |    47 |       ||    47
       War axe           |       |       |    65 |    22 ||    87
       Battleaxe         |       |       |       |   207 ||   207
 Fire: Sling             |    34 |     3 |       |       ||    37
       Arbalest          |       |    57 |   196 |   105 ||   358
Throw: Stone             |     5 |       |     1 |       ||     6
       Throwing net      |       |     1 |       |       ||     1
       Javelin           |       |       |       |     8 ||     8
Invok: Berserk           |     2 |     5 |    11 |     8 ||    26
       Trog's Hand       |       |     4 |     5 |     8 ||    17
Evoke: Wand              |       |       |     5 |     1 ||     6
  Use: Scroll            |     2 |     2 |     9 |     4 ||    17
       Potion            |       |     1 |     2 |     1 ||     4
Armor: Scale mail        |    16 |    45 |    10 |       ||    71
       Chain mail        |       |       |    88 |    75 ||   163
Dodge: Dodged            |    48 |    71 |   166 |   186 ||   471
Block: Other             |       |       |       |    38 ||    38

Table legend: (Time is in decaauts)
 A = Elapsed time spent in this place.
 B = Non-inter-level travel time spent in this place.
 C = Inter-level travel time spent in this place.
 D = Time resting spent in this place.
 E = Time spent auto-exploring this place.
 F = Levels seen in this place.
 G = Mean time per level.
                   A        B        C        D        E       F      G
               +--------+--------+--------+--------+--------+-----+--------+
         Total |  15340 |  14317 |   1023 |   4059 |   7686 |  14 | 1095.7 |
       Dungeon |  10845 |   9861 |    984 |   2201 |   5700 |  10 | 1084.5 |
          Lair |   2969 |   2931 |     38 |    656 |   1834 |   3 |  989.7 |
         Sewer |   1525 |   1525 |      0 |   1201 |    151 |   1 | 1525.0 |
               +--------+--------+--------+--------+--------+-----+--------+

Top non-repeatable levels by time:
     D:3: 1855 daAuts
     D:4: 1539 daAuts
     D:8: 1528 daAuts
   Sewer: 1525 daAuts
  Lair:2: 1369 daAuts
     D:9: 1157 daAuts
  Lair:1: 1040 daAuts
     D:5: 1023 daAuts
    D:10: 951 daAuts
     D:7: 849 daAuts
     D:2: 690 daAuts
     D:6: 668 daAuts
     D:1: 582 daAuts
  Lair:3: 559 daAuts
